 Dungeon Crawl Stone Soup version 0.26.1-13-g052cdd8df3 (webtiles) character file.

Game seed: 7190130354316622994

42 cbfl8 the Skirmisher (level 3, 0/26 HPs)
             Began as a Halfling Abyssal Knight on Jan 12, 2022.
             Was a Follower of Lugonu.
             Succumbed to an orc wizard's poison
             ... on level 2 of the Dungeon.
             The game lasted 00:08:56 (3628 turns).

cbfl8 the Skirmisher (Halfling Abyssal Knight)      Turns: 3628, Time: 00:08:56

Health: 0/26       AC:  6    Str: 14    XL:     3   Next: 80%
Magic:  4/4        EV: 12    Int: 10    God:    Lugonu [*.....]
Gold:   100        SH:  0    Dex: 13    Spells: 2/2 levels left

rFire    . . .     SeeInvis .   j - +2 short sword (protect)
rCold    . . .     Faith    .   (shield restricted)
rNeg     . . .     Spirit   .   p - +0 scale mail
rPois    .         Reflect  .   (no helmet)
rElec    .         Harm     .   (no cloak)
rCorr    .         Rampage  .   (no gloves)
Will     .....                  (no boots)
Stlth    ..........             (no amulet)
HPRegen  0.08/turn              (no ring)
MPRegen  0.09/turn              (no ring)

@: lethally poisoned (0 -> -14)
A: small, mutation resistance 1
a: Renounce Religion, Depart the Abyss


You were on level 2 of the Dungeon.
You worshipped Lugonu.
Lugonu was aware of your devotion.
You visited 1 branch of the dungeon, and saw 2 of its levels.
You visited the Abyss 1 time.

You collected 100 gold pieces.

Inventory:

Hand Weapons
 a - a +1 short sword
 g - a cursed -2 dagger
 h - a +0 club
 i - a +0 club
 j - a +2 short sword of protection (weapon)
 k - a +0 club
 l - a +0 whip
 n - a +0 club
 o - a +0 dagger
Missiles
 s - 14 arrows
Armour
 b - a +0 leather armour
 c - a +0 leather armour
 m - a +0 leather armour
 p - a +0 scale mail (worn)
Jewellery
 t - an uncursed amulet of reflection {unknown}
Scrolls
 q - 3 scrolls of noise
Potions
 e - a potion of heal wounds {unknown}
 f - a potion of curing {unknown}


   Skills:
 + Level 3.3 Fighting
 + Level 2.9 Short Blades
 + Level 2.6 Armour
 + Level 1.6 Dodging
 + Level 2.1 Invocations


You had 2 spell levels left.
You didn't know any spells.
Your spell library was empty.

Dungeon Overview and Level Annotations

Branches:
Dungeon (2/15)

Altars:
Okawaru


Innate Abilities, Weirdness & Mutations

You are small and have problems with some larger weapons.
You are somewhat resistant to further mutation.


Message History

The orc wizard blinks!
As you read the scroll labelled ZEMPOA ZIERUST, it crumbles to dust.
It is a scroll of identify.
q - 3 scrolls of noise
* * * LOW HITPOINT WARNING * * *
You feel sick.
The orc wizard mumbles some strange words.
The orc wizard blinks!
Cornered, the leopard gecko turns to fight!
The orc wizard mumbles some strange words.
The orc wizard blinks!
You closely miss the orc wizard.
* * * LOW HITPOINT WARNING * * *
You feel sick.
The orc wizard casts a spell.
The orc wizard blinks!
The leopard gecko hisses menacingly.
The leopard gecko bites you but does no damage.
You closely miss the leopard gecko.
You die...

#######.#.o
#.#### #.#
#.# #o#
#ยง# #.#
#l# #@# #.#
..# ####


You could see an orc (fleeing) and a leopard gecko.

Vanquished Creatures
  An adder (D:2)
  A dart slug (D:1)
  2 leopard geckos (D:2)
  5 bats
  A giant cockroach (D:1)
  5 goblins (D:1)
  4 hobgoblins (D:1)
  2 jackals (D:2)
  A frilled lizard (D:1)
  A kobold (D:1)
  3 rats (D:1)
26 creatures vanquished.

Notes
Turn   | Place    | Note
-------+----------+-------------------------------------------
     0 | Abyss:1  | cbfl8 the Halfling Abyssal Knight began the quest for the
                  | Orb.
     0 | Abyss:1  | Reached XP level 1. HP: 15/15 MP: 2/2
    26 | D:1      | Escaped the Abyss
   591 | D:1      | Reached skill level 3 in Fighting
   591 | D:1      | Reached XP level 2. HP: 21/21 MP: 3/3
  1898 | D:1      | Reached XP level 3. HP: 12/26 MP: 4/4
  3581 | D:2      | Found an iron altar of Okawaru.
  3627 | D:2      | HP: 1/26 [poisoned by an orc wizard]
  3628 | D:2      | Succumbed to an orc wizard's poison

Illustrated notes

Levels and vault maps discovered:
D:1:      minmay_arrival_wavy_path, layout_basic, serial_rivers,
          chequers_serial_rivers_micro_a, chequers_serial_rivers_room_a,
          chequers_serial_rivers_micro_b, chequers_serial_rivers_micro_d,
          chequers_serial_rivers_small_b, chequers_serial_rivers_micro_d
D:2:      layout_basic, lemuel_crystal_altar, chequers_ecumenical_altar_island,
          minmay_tetromino_o4

Skill      XL: |  1 |
---------------+----+-----
Fighting       | 3 |  3.3
Short Blades   | |  2.9
Armour         | |  2.6
Dodging        | |  1.6
Invocations    | |  2.1

Action                   || total
-------------------------++-------
Melee: Short sword       ||    85
  Use: Scroll            ||     2
Armor: Leather armour    ||     9
       Scale mail        ||    19
Dodge: Dodged            ||    79
